 Dungeon Crawl Stone Soup version 0.24.0-13-gcf9b3192b9 (webtiles) character file.

Game seed: 7866119857127455614, levelgen mode: deterministic

26705 Quickbrownfox the Zephyrmancer (level 13, -25/101 HPs)
             Began as a Green Draconian Air Elementalist on Nov 4, 2019.
             Was a High Priest of Qazlal.
             Killed from afar by a lindwurm (36 damage)
             ... with a blast of flame
             ... on level 6 of the Lair of Beasts on Nov 5, 2019.
             The game lasted 02:12:51 (17195 turns).

Quickbrownfox the Zephyrmancer (DrAE)              Turns: 17195, Time: 02:12:54

Health: -25/101    AC: 14    Str: 12    XL:     13   Next: 0%
Magic:  0/25       EV: 16    Int: 17    God:    Qazlal [*****.]
Gold:   909        SH: 12    Dex: 14    Spells: 6/28 levels left

rFire    x . .     SeeInvis +   o - +4 flail (drain)
rCold    + . .     Gourm    .   s - +0 buckler
rNeg     . . .     Faith    .   (armour unavailable)
rPois    +         Spirit   +   v - +2 hat {SInv}
rElec    .         Reflect  .   e - +0 cloak
rCorr    .         Harm     .   G - +0 pair of gloves
MR       .....                  p - +1 pair of boots
Stlth    +.........             j - amulet of guardian spirit
HPRegen  0.26/turn              F - ring of ice
MPRegen  0.19/turn              (no ring)

@: very slightly contaminated, repel missiles
A: breathe noxious fumes, unfitting armour, poison resistance, cold-blooded, AC
+8
a: Breathe Noxious Fumes, Upheaval, Elemental Force, Disaster Area, Renounce
Religion


You were on level 6 of the Lair of Beasts.
You worshipped Qazlal.
Qazlal was extremely pleased with you.
You were very hungry.

You visited 3 branches of the dungeon, and saw 18 of its levels.
You also visited: Sewer.

You collected 909 gold pieces.

Inventory:

Hand Weapons
 h - a +2 quarterstaff of chaos
 o - a +4 flail of draining (weapon)
 L - the +7 quarterstaff "Pograkai" {vamp, Dex+2, unknown}
   (You found it on level 5 of the Lair of Beasts)

   It inflicts no extra harm, but heals its wielder when it wounds a living foe.
   It affects your dexterity (+2).
Missiles
 u - 3 boomerangs (quivered)
 C - 4 javelins
Armour
 e - a +0 cloak (worn)
 p - a +1 pair of boots (worn)
 s - a +0 buckler (worn)
 v - a +2 hat of see invisible (worn)
 z - a +2 shield
 G - a +0 pair of gloves (worn)
Jewellery
 j - an amulet of guardian spirit (around neck)
 F - a ring of ice (left hand)
Wands
 i - a wand of random effects (15)
 m - a wand of iceblast (16)
 r - a wand of polymorph (9)
 B - a wand of clouds (3)
Scrolls
 f - 4 scrolls of enchant armour
 q - 3 scrolls of fog
 t - a scroll of teleportation
 w - 6 scrolls of remove curse
 x - 6 scrolls of amnesia
 A - a scroll of silence {unknown}
 H - a scroll of acquirement {unknown}
 K - a scroll of brand weapon {unknown}
Potions
 a - a potion of mutation
 c - a potion of might
 g - 7 potions of brilliance
 k - a potion of cancellation
 l - a potion of resistance {unknown}
 n - 2 potions of flight
 E - a potion of lignification
 I - 2 potions of agility {unknown}
Comestibles
 b - 23 rations


   Skills:
 + Level 5.4 Fighting
   Level 2.0(6.0) Axes
 + Level 9.1(9.3) Maces & Flails
 + Level 2.1(6.1) Staves
 + Level 2.9 Throwing
 + Level 6.7 Dodging
 + Level 4.1 Stealth
 * Level 8.0 Shields
 + Level 8.3 Spellcasting
 + Level 4.6 Conjurations
 + Level 1.1 Summonings
 + Level 0.6 Fire Magic
 + Level 9.5 Air Magic
 * Level 8.0 Invocations
 + Level 1.4 Evocations


You had 6 spell levels left.
You knew the following spells:

 Your Spells              Type           Power        Failure   Level  Hunger
a - Shock                 Conj/Air       ####         1%          1    None
b - Static Discharge      Conj/Air       ####....     1%          3    #......
c - Airstrike             Air            #####.....   1%          4    ###....
d - Lightning Bolt        Conj/Air       ####......   16%         5    #####..
e - Summon Lightning Spi  Summ/Air       ####....     12%         4    ###....
f - Conjure Flame         Conj/Fire      ###.....     11%         3    #......
g - Blink                 Tloc           N/A          16%         2    None

Your spell library contained the following spells:

 Spells                   Type           Power        Failure   Level  Hunger
 Magic Dart               Conj           ###.         1%          1    None
 Swiftness                Chrm/Air       ###.....     2%          2    None
 Mephitic Cloud           Conj/Pois/Air  ###.....     4%          3    #......
 Call Imp                 Summ           ##......     10%         2    None
 Slow                     Hex            #.......     16%         2    None
 Silence                  Hex/Air        ###.......   36%         5    #####..
 Conjure Ball Lightning   Conj/Air       ####......   63%         6    ######.
 Ice Form                 Ice/Tmut       ##......     69%         4    ###....
 Deflect Missiles         Chrm/Air       ###.......   91%         6    ######.
 Freezing Cloud           Conj/Ice/Air   ####......   92%         6    ######.
 Metabolic Englaciation   Hex/Ice        ##........   95%         5    #####..
 Bolt of Cold             Conj/Ice       ###.......   99%         6    ######.
 Ozocubu's Refrigeration  Ice            ##........   100%        6    ######.
 Simulacrum               Ice/Necr       ##........   100%        6    ######.
 Tornado                  Air            #####.....   100%        9    #######


Dungeon Overview and Level Annotations

Branches:
Dungeon (11/15)            Temple (1/1) D:4            Lair (5/6) D:10
  Swamp (0/4) Lair:2        Snake (0/4) Lair:3        Slime (0/5) Lair:6
  Sewer (visited)
    Orc: D:9-12

Altars:
Ashenzari
Cheibriados
Dithmenos
Elyvilon
Fedhas
Gozag
Hepliaklqana
Kikubaaqudgha
Makhleb
Nemelex Xobeh
Okawaru
Qazlal
Ru
Sif Muna
Trog
Uskayaw
Vehumet
Wu Jian
Xom
Yredelemnul
Zin
The Shining One

Shops:
D:5 [   D:8 *

Annotations:
D:9 exclusion: statue


Innate Abilities, Weirdness & Mutations

You can breathe blasts of noxious fumes.
Your lurid green scales are hard. (AC +8)
You cannot fit into any form of body armour.
Your system is resistant to poisons. (rPois)
You are cold-blooded and may be slowed by cold attacks.


Message History

Aim: a crocodile You create a blast of freezing vapour!
You hear a croak.
The lindwurm is engulfed in freezing vapours.
The crocodile is engulfed in freezing vapours.
The crocodile seems to slow down.
You block the crocodile's attack.
You hear an angry hiss. x2
You sock the crocodile!
You kill the crocodile!
Qazlal accepts your kill.
Your Invocations skill increases to level 8!
The lindwurm is engulfed in freezing vapours.
You barely miss the lindwurm.
You tail-slap the lindwurm, but do no damage.
The lindwurm is heavily wounded.
You hear an angry hiss.
You hear a screech!
The lindwurm is engulfed in freezing vapours.
The lindwurm breathes flames at you. The blast of flame hits you!!!
The fire burns you terribly!
You die...

*........................,,,,,,,,
*..^............Fl.......,,,,,,,,
,......♣♣......♣♣...♣....***,**,,
,....♣♣*♣♣♣...♣♣♣♣♣♣♣*..♣* ******
*..♣♣* ♣♣♣♣♣♣* ***♣ * *♣♣* ♣♣§♣♣
* ♣♣.§§♣♣ * **♣...k.♣ **
***,,*♣.@♣** **, ***,,***♣♣...♣*
***,, **,,*** ♣♣...♣*** ****,,*,
**,,** *♣♣k..,***,,,***, *,,,,*
*♣♣...,,,,** ** ******++******
**♣.**,** *
,,,,,,,,,,,,,#########+***** *
,,,,8,,,,8,,,#........#* **
,,,,,,,,,,,,,'...8.8..# *,


You could see a lindwurm and a rime drake.

Vanquished Creatures
  Fannar (D:10)
  5 hydras
  Erolcha (D:9)
  A two-headed ogre (D:10)
  A wizard (Lair:6)
  Pikel (D:5)
  A necromancer (Lair:3)
  5 elephants
  Psyche (D:10)
  7 spiny frogs
  2 komodo dragons
  2 trolls
  A hornet (D:11)
  3 hippogriffs
  4 blink frogs (Lair:3)
  2 dream sheep (Lair:4)
  17 yaks
  A wyvern (Lair:4)
  A basilisk (Lair:3)
  A steam dragon (D:10)
  A hungry ghost (D:8)
  Edmund (D:4)
  11 water moccasins
  4 porcupines
  Duvessa (D:4)
  A hell hound (Lair:6)
  2 orc warriors
  Purgy (Sewer)
  3 ice beasts
  A sky beast (D:10)
  2 elephant zombies (Lair:3)
  18 wolves
  2 phantoms
  6 ogres
  7 centaurs
  9 crocodiles
  9 bullfrogs
  Dowan (D:4)
  A wyvern skeleton (D:11)
  5 scorpions
  4 killer bees (D:11)
  5 wights (D:9)
  A howler monkey (D:7)
  6 electric eels
  2 crimson imps
  A quasit (D:8)
  A bullfrog zombie (D:11)
  6 lava snakes (D:10)
  4 orc priests
  A basilisk zombie (Lair:3)
  2 jellies (D:8)
  11 hounds
  11 orc wizards
  Crazy Yiuf (D:3)
  A bullfrog skeleton (D:4)
  2 centaur skeletons
  4 iguanas
  4 worker ants
  A crocodile zombie (Lair:3)
  2 hound skeletons
  10 adders
  2 gnolls
  5 shadow imps
  2 worms (D:2)
  8 leopard geckos
  32 orcs
  10 bats
  11 giant cockroaches
  9 goblins
  9 hobgoblins
  10 jackals
  9 kobolds
  2 quokkas
  2 ball pythons (D:1)
  7 frilled lizards
  14 rats
  A plant (Lair:4)
357 creatures vanquished.

Vanquished Creatures (collateral kills)
  An elephant (Lair:4)
  A spiny frog (Lair:4)
  A rime drake (Lair:4)
  3 dream sheep (Lair:4)
  2 yaks (Lair:4)
  A swamp worm (Lair:2)
  A porcupine (Lair:5)
10 creatures vanquished.

Vanquished Creatures (others)
  3 fungi
  A plant (Lair:2)
4 creatures vanquished.

Grand Total: 371 creatures vanquished

Notes
Turn   | Place    | Note
-------+----------+-------------------------------------------
     0 | D:1      | Quickbrownfox the Draconian Air Elementalist began the
                  | quest for the Orb.
     0 | D:1      | Reached XP level 1. HP: 14/14 MP: 3/3
   178 | D:1      | Reached XP level 2. HP: 14/20 MP: 0/5
   737 | D:1      | Reached XP level 3. HP: 21/27 MP: 1/6
   742 | D:1      | Learned a level 3 spell: Static Discharge
  1142 | D:2      | Reached XP level 4. HP: 13/34 MP: 0/7
  1518 | D:2      | Learned a level 4 spell: Airstrike
  1760 | D:2      | Reached skill level 1 in Axes
  1829 | D:2      | Found a shadowy altar of Dithmenos.
  1834 | D:2      | Found a hide-covered altar of Uskayaw.
  1843 | D:2      | Found a shattered altar of Ashenzari.
  2080 | D:2      | HP: 1/34 [orc wizard/magic dart (5)]
  2081 | D:2      | Reached skill level 1 in Fighting
  2081 | D:2      | Reached XP level 5. HP: 1/40 MP: 0/9
  2396 | D:3      | Upgraded the game from 0.24.0-10-g970556be89 to
                  | 0.24.0-13-gcf9b3192b9
  2414 | D:3      | Found a runed translucent door.
  2415 | D:3      | Noticed Crazy Yiuf
  2423 | D:3      | Killed Crazy Yiuf
  3023 | D:3      | Reached XP level 6. HP: 45/47 MP: 10/10
  3071 | D:3      | Reached skill level 1 in Staves
  3420 | D:4      | Noticed Dowan
  3720 | D:4      | Found a staircase to the Ecumenical Temple.
  3731 | Temple   | Entered the Ecumenical Temple
  3995 | Temple   | Became a worshipper of Qazlal Stormbringer
  4229 | D:4      | Noticed Duvessa
  4259 | D:4      | Killed Duvessa
  4259 | D:4      | Reached skill level 1 in Maces & Flails
  4259 | D:4      | Your scales start taking on a lurid green colour.
  4259 | D:4      | Reached XP level 7. HP: 31/55 MP: 5/12
  4259 | D:4      | Gained mutation: Your system is resistant to poisons.
                  | (rPois) [Green Draconian growth]
  4448 | D:4      | Noticed Edmund
  4473 | D:4      | Killed Edmund
  4681 | D:4      | Killed Dowan
  4843 | D:4      | Found an opulent altar of Gozag.
  4874 | D:5      | Entered Level 5 of the Dungeon
  4893 | D:5      | Noticed a yak
  5116 | D:5      | Noticed Pikel
  5122 | D:5      | Reached XP level 8. HP: 57/62 MP: 14/14
  5146 | D:5      | Killed Pikel
  5146 | D:5      | Reached skill level 1 in Shields
  5226 | D:5      | Found a burning altar of Makhleb.
  5284 | D:5      | Reached * piety under Qazlal
  5292 | D:5      | Found a glowing drain.
  5301 | Sewer    | Entered a sewer
  5348 | Sewer    | Noticed Purgy
  5361 | Sewer    | Killed Purgy
  5474 | D:5      | Found Ziluyl's Antique Armour Emporium.
  5656 | D:6      | Reached skill level 5 in Air Magic
  5788 | D:6      | Found a blossoming altar of Fedhas.
  6009 | D:6      | Found an ornate altar of the Wu Jian Council.
  6461 | D:7      | Reached skill level 5 in Maces & Flails
  6819 | D:7      | Found a sparkling altar of Nemelex Xobeh.
  6830 | D:7      | Reached XP level 9. HP: 57/71 MP: 6/15
  7286 | D:8      | Noticed a troll
  7298 | D:8      | Killed a troll
  7298 | D:8      | Reached skill level 5 in Spellcasting
  7530 | D:8      | Learned a level 5 spell: Lightning Bolt
  7602 | D:8      | Reached skill level 5 in Dodging
  7736 | D:8      | Reached ** piety under Qazlal
  7769 | D:8      | Found a basalt altar of Yredelemnul.
  7867 | D:8      | Found a glowing golden altar of the Shining One.
  7958 | D:8      | Found a glowing silver altar of Zin.
  7960 | D:8      | Found Zin's Purification Station.
  7976 | D:8      | Found a sacrificial altar of Ru.
  8310 | D:9      | Reached skill level 1 in Invocations
  8838 | D:9      | Reached XP level 10. HP: 77/79 MP: 2/18
  8987 | D:9      | Noticed Erolcha
  9000 | D:9      | Killed Erolcha
  9080 | D:9      | Found a glowing silver altar of Zin.
  9210 | D:9      | Found a radiant altar of Vehumet.
  9247 | D:10     | Entered Level 10 of the Dungeon
  9726 | D:11     | Reached skill level 1 in Throwing
  9727 | D:11     | Noticed a cyclops
  9996 | D:11     | Noticed an eight-headed hydra
 10043 | D:11     | HP: 4/80 [killer bee (8)]
 10288 | D:10     | Noticed Psyche
 10289 | D:10     | Reached *** piety under Qazlal
 10304 | D:10     | Killed Psyche
 10513 | D:10     | Noticed Fannar
 10591 | D:10     | Killed Fannar
 10598 | D:10     | Noticed a two-headed ogre
 10876 | D:10     | Killed a two-headed ogre
 10876 | D:10     | Reached XP level 11. HP: 51/85 MP: 7/21
 11179 | D:10     | Found a staircase to the Lair.
 11255 | D:10     | Reached skill level 5 in Shields
 11792 | Lair:1   | Entered Level 1 of the Lair of Beasts
 11898 | Lair:1   | You fall into a shaft and drop 1 floor!
 11899 | Lair:2   | Noticed a five-headed hydra
 12198 | Lair:1   | Learned a level 4 spell: Summon Lightning Spire
 12512 | Lair:1   | Reached skill level 5 in Invocations
 12782 | Lair:2   | Killed a five-headed hydra
 12901 | Lair:2   | Learned a level 3 spell: Conjure Flame
 13199 | Lair:2   | Noticed a six-headed hydra
 13210 | Lair:2   | Killed a six-headed hydra
 13341 | Lair:2   | Noticed a five-headed hydra
 13357 | Lair:2   | Killed a five-headed hydra
 13357 | Lair:2   | Reached skill level 5 in Fighting
 13357 | Lair:2   | Reached skill level 1 in Evocations
 13426 | Lair:2   | Found a staircase to the Swamp.
 13567 | Lair:3   | Reached **** piety under Qazlal
 13644 | Lair:3   | Reached XP level 12. HP: 74/94 MP: 11/23
 14811 | Lair:3   | Found a staircase to the Snake Pit.
 15419 | Lair:4   | Noticed a six-headed hydra
 16011 | Lair:4   | Killed a six-headed hydra
 16011 | Lair:4   | Reached skill level 1 in Summonings
 16015 | Lair:4   | Learned a level 2 spell: Blink
 16472 | Lair:5   | Noticed a five-headed hydra
 16483 | Lair:5   | Killed a five-headed hydra
 16783 | Lair:4   | Reached ***** piety under Qazlal
 16950 | Lair:5   | Got a shimmering quarterstaff
 17134 | Lair:5   | You fall into a shaft and drop 1 floor!
 17134 | Lair:6   | Entered Level 6 of the Lair of Beasts
 17134 | Lair:6   | Found a burning altar of Makhleb.
 17161 | Lair:6   | Reached XP level 13. HP: 49/101 MP: 4/25
 17195 | Lair:6   | Killed from afar by a lindwurm

Levels and vault maps discovered:
D:1:      dpeg_arrival_boxorama, layout_basic, minmay_octomino_j4
D:2:      layout_loops_cross, minmay_overflow_temple_star_quad,
          item_on_display_a
D:3:      layout_basic, serial_curves, eino_curves_03, eino_curves_04,
          uniq_crazy_yiuf_cottage
D:4:      layout_rooms, kennysheep_little_box, minmay_temple_entry_tees,
          uniq_duvessa, uniq_edmund
D:5:      layout_rooms, lemuel_round_altar, gup_sewer_entry_pipe, serial_shops,
          shop, first_ration, nrook_loot_triangle, st_stairs_4, uniq_pikel
D:6:      layout_basic, kennysheep_mini, kennysheep_mini_moat
D:7:      layout_loops_cross, nemelex_xobeh_ov_fountains_minmay,
          eino_tiny_chamber
D:8:      layout_basic, nicolae_ru_the_path_less_chosen, tso_oasis_becter,
          zin_purify, lemuel_crystal_altar, grunt_ogre_cave
D:9:      layout_cave_pools, vehumet_statue, basic_altar, serial_column_ruins,
          column_ruins_courtyard_long, column_ruins_corridor_water,
          column_ruins_open_tiny, column_ruins_grid_3,
          column_ruins_corridor_corner, column_ruins_columns_straight,
          uniq_erolcha
D:10:     erik_rubicon_a, layout_basic, erik_lair_island, uniq_psyche,
          uniq_fannar
D:11:     layout_irregular_city, serial_shops, shop, serial_column_ruins,
          column_ruins_hut, column_ruins_circle_small,
          column_ruins_columns_corner, column_ruins_corridor_straight,
          column_ruins_grid_1, column_ruins_grid_1
Temple:   grunt_temple_mini_profane
Lair:1:   layout_chaotic_city, chequers_serial_rivers_micro_e
Lair:2:   layout_misc_corridors, palyth_hydra_swamp_entry, grunt_megastairs_4
Lair:3:   pond_and_an_island_with_a_cottage, layout_hall_layers,
          dummy_snake_entry, bh_autumn_forest_stairs
Lair:4:   layout_hall_layers
Lair:5:   layout_gridlike, st_stairs_5, serial_bayou_shore_a
Lair:6:   evil_forest, layout_regular_city, slime_altar_1, gammafunk_ghost_hive

Skill      XL: |  1  2  3  4  5  6  7  8  9 10 11 12 13 |
---------------+----------------------------------------+-----
Stealth        | 2 3 4 |  4.1
Dodging        | 2 3 4 5 6 |  6.7
Axes           | 1 2 |  2.0
Fighting       | 1 2 3 4 5 |  5.4
Spellcasting   | 3 4 5 7 8 |  8.3
Staves         | 2 |  2.1
Air Magic      | 4 5 6 7 8 9 |  9.5
Conjurations   | 2 3 4 |  4.6
Maces & Flails | 1 3 5 6 7 8 9 |  9.1
Shields        | 1 4 6 8 |  8.0
Invocations    | 2 3 6 7 8 |  8.0
Throwing       | 1 2 |  2.9
Evocations     | 1 |  1.4
Summonings     | 1 |  1.1
Fire Magic     | |  0.6

Action                   |  1- 3 |  4- 6 |  7- 9 | 10-12 | 13-15 || total
-------------------------+-------+-------+-------+-------+-------++-------
Melee: Whip              |    33 |       |       |       |       ||    33
       Unarmed           |    10 |       |       |       |       ||    10
       Hand axe          |    66 |    74 |       |       |       ||   140
       Tailslap          |     9 |    15 |    26 |    55 |     1 ||   106
       Quarterstaff      |       |    50 |       |       |       ||    50
       Flail             |       |    38 |   261 |   510 |     5 ||   814
Throw: Boomerang         |       |       |     6 |    70 |       ||    76
       Throwing net      |       |       |     4 |       |       ||     4
 Cast: Shock             |    37 |    42 |    48 |    78 |       ||   205
       Static Discharge  |     3 |     2 |     6 |    26 |     1 ||    38
       Airstrike         |       |     8 |    35 |    89 |       ||   132
       Summon Lightning  |       |       |       |    21 |       ||    21
       Conjure Flame     |       |       |       |     4 |       ||     4
Invok: Upheaval          |       |       |       |     1 |       ||     1
Evoke: Wand              |       |       |     8 |    14 |     1 ||    23
  Use: Scroll            |       |     8 |     7 |    13 |     5 ||    33
       Potion            |       |     1 |     1 |    11 |     1 ||    14
 Stab: Sleeping          |     2 |     6 |     1 |       |       ||     9
       Held in net/web   |       |       |     1 |       |       ||     1
       Distracted        |       |       |       |     2 |       ||     2
  Eat: Chunk             |     1 |     7 |    12 |    17 |       ||    37
       Ration            |       |     2 |     3 |     7 |       ||    12
Armor: Skin              |    41 |    58 |    91 |   151 |     3 ||   344
Dodge: Dodged            |    97 |   140 |   193 |   373 |    17 ||   820
       Deflected         |       |       |       |     3 |       ||     3
Block: Buckler           |       |       |    59 |   280 |     9 ||   348
